 Dungeon Crawl Stone Soup version 0.22.1-2-g9c5b331 (webtiles) character file.

68026 Harpaggios the Covert (level 15, -1/80 HPs)
             Began as a Vine Stalker Enchanter on Jan 2, 2019.
             Was the Champion of Dithmenos.
             Slain by a thorn hunter (7 damage)
             ... on level 2 of the Swamp on Jan 3, 2019.
             The game lasted 03:15:58 (26856 turns).

Harpaggios the Covert (Vine Stalker Enchanter)     Turns: 26856, Time: 03:16:02

Health: -1/80      AC: 13    Str: 24    XL:     15   Next: 25%
Magic:  0/30       EV: 18    Int: 19    God:    Dithmenos [******]
Gold:   597        SH:  0    Dex: 18    Spells: 22/34 levels left

rFire    + + .     SeeInvis .   j - +3 dagger (speed)
rCold    + + .     Gourm    .   (no shield)
rNeg     . . .     Faith    .   G - +3 troll leather armour {Snorg}
rPois    .         Spirit   +   (no helmet)
rElec    .         Reflect  .   (no cloak)
rCorr    .         Harm     .   (no gloves)
MR       +....                  (no boots)
Stlth    +++++++...             D - amulet "Orolefo" {*Contam rC+ Regen+ Str+8}
HPRegen  1.83/turn              i - +5 ring of protection
MPRegen  0.22/turn              h - ring of Piaxagha {*Drain rF++ rC+ Str+4 Int+2}

@: wreathed by umbra, heavily drained
A: fangs 3, mutation resistance 1, regeneration 2, magic shield, antimagic bite,
no potion heal 3, rot immunity
a: Shadow Step, Shadow Form, Renounce Religion


You were on level 2 of the Swamp.
You worshipped Dithmenos.
Dithmenos was exalted by your worship.
You were not hungry.

You visited 4 branches of the dungeon, and saw 22 of its levels.
You also visited: Labyrinth and Ossuary.

You collected 2160 gold pieces.
You spent 1563 gold pieces at shops.

Inventory:

Hand Weapons
 j - a +3 dagger of speed (weapon)
Armour
 G - a +3 troll leather armour (worn) {Snorg}
 L - +0 shadow dragon scales
 P - a +1 plate armour of positive energy
Jewellery
 b - the amulet "Itwamiz" {Acrobat Dex+5, unknown}
   (You found it on level 12 of the Dungeon)

   [amulet of the acrobat]

   It helps you evade while moving and waiting.
   It affects your dexterity (+5).
 g - an uncursed ring of protection from magic
 h - the ring of Piaxagha (right hand) {*Drain rF++ rC+ Str+4 Int+2}
   (You bought it in a shop on level 8 of the Dungeon)

   [ring of protection from cold]

   It affects your strength (+4).
   It affects your intelligence (+2).
   It greatly protects you from fire.
   It protects you from cold.
   It causes draining when unequipped.
 i - a +5 ring of protection (left hand)
 y - an uncursed ring of magical power
 D - the amulet "Orolefo" (around neck) {*Contam rC+ Regen+ Str+8}
   (You bought it in a shop on level 8 of the Dungeon)

   [amulet of regeneration]

   It affects your strength (+8).
   It protects you from cold.
   It causes magical contamination when unequipped.
   It increases your rate of regeneration.
 E - a +3 ring of evasion
 J - an uncursed ring of protection from fire
Wands
 l - a wand of digging (9)
 w - a wand of clouds (6)
 x - a wand of polymorph (34)
 B - a wand of scattershot (5)
 C - a wand of paralysis (28)
 F - a wand of acid (3)
 H - a wand of flame (82)
 I - a wand of enslavement (13)
 O - a wand of iceblast (18)
Scrolls
 e - 10 scrolls of remove curse
 r - 7 scrolls of identify
 s - a scroll of enchant armour
 u - a scroll of fear
 v - 2 scrolls of amnesia
 z - 2 scrolls of enchant weapon
 A - a scroll of fog
 M - a scroll of magic mapping
 N - 3 scrolls of teleportation
Potions
 a - 2 potions of agility
 c - 5 potions of brilliance
 f - a potion of magic
 k - 3 potions of resistance
 m - 3 potions of curing
 n - a potion of invisibility
 p - a potion of haste {unknown}
 q - a potion of might
 t - 3 potions of lignification
Comestibles
 d - 24 rations


   Skills:
 - Level 10.0(8.6) Fighting
 - Level 10.1(8.6) Short Blades
 * Level 9.5(8.1) Armour
 - Level 10.0(8.6) Dodging
 - Level 10.5(9.1) Stealth
 - Level 10.0(8.6) Spellcasting
 + Level 9.7(8.3) Hexes


You had 22 spell levels left.
You knew the following spells:

 Your Spells              Type           Power        Failure   Level  Hunger
a - Corona                Hex            #####..      1%          1    None
b - Ensorcelled Hibernat  Hex/Ice        ###...       2%          2    None
c - Tukima's Dance        Hex            #####...     1%          3    None
d - Dazzling Spray        Conj/Hex       ###...       5%          3    None
e - Confuse               Hex            #####...     1%          3    None

Your spell library contained the following spells:

 Spells                   Type           Power        Failure   Level  Hunger
 Throw Flame              Conj/Fire      #.....       14%         2    None
 Static Discharge         Conj/Air       #.......     28%         3    None
 Stone Arrow              Conj/Erth      #.....       28%         3    None
 Iskenderun's Mystic Bla  Conj           #.......     67%         4    ###....
 Sticky Flame             Conj/Fire      #.......     67%         4    ###....
 Throw Icicle             Conj/Ice       #.......     67%         4    ###....
 Bolt of Magma            Conj/Fire/Erth #.........   95%         5    #####..
 Iskenderun's Battlesphe  Conj/Chrm      #.......     95%         5    #####..
 Venom Bolt               Conj/Pois      #.........   95%         5    #####..
 Iron Shot                Conj/Erth      #.........   100%        6    ######.
 Orb of Destruction       Conj           #.........   100%        7    #######
 Spellforged Servitor     Conj/Summ      #.........   100%        7    #######


Dungeon Overview and Level Annotations

Branches:
Dungeon (13/15)            Temple (0/1) D:6            Lair (5/6) D:11
  Swamp (2/4) Lair:3        Snake (0/4) Lair:2          Orc (2/2) D:11
    Elf (0/3) Orc:2
  Slime: Lair:5-6    Vaults: D:13-14

Altars:
Ashenzari
Cheibriados
Dithmenos
Elyvilon
Fedhas
Kikubaaqudgha
Makhleb
Okawaru
Trog
Vehumet
Wu Jian
Yredelemnul
Zin
Beogh

Shops:
D:8 =   Orc:2 }[([

Annotations:
D:4 ghost
D:7 1 runed door, bmj180's ghost, novice HaFi
D:8 Ring + amulet, exclusion: statue
D:13 Frances
Lair:2 exclusion: 3 oklob plants


Innate Abilities, Weirdness & Mutations

You have razor-sharp teeth.
You heal very quickly.
When hurt, damage is shared between your health and your magic reserves.
Your bite disrupts and absorbs the magic of your enemies.
Potions cannot restore your health.
You are immune to rotting.
You are somewhat resistant to further mutation.


Message History

Aim: a thorn hunter (heavily damaged, umbra, chance to defeat MR: 8%)
The thorn hunter resists with almost no effort.
Your shadow mimicks your spell!
The thorn hunter resists with almost no effort.
The insubstantial wisp gives a chilling moan.
The vampire mosquito buzzes angrily.
The briar patch crumbles away. x5
A vampire mosquito comes into view.
The thorn hunter hits you!!
* * * LOW HITPOINT WARNING * * *
The thorn hunter hits you!
* * * LOW HITPOINT WARNING * * *
The insubstantial wisp closely misses you.
As you read the scroll of fear, it crumbles to dust.
You assume a fearsome visage.
The insubstantial wisp is unaffected. x2
The vampire mosquito is unaffected. x2; The thorn hunter is unaffected.
The briar patch crumbles away. x2; The thorn hunter hits you.
* * * LOW HITPOINT WARNING * * *
The thorn hunter hits you!
You die...

...≈≈ ♣≈.≈≈≈≈≈....≈≈≈≈♣
.≈≈≈≈♣♣♣♣.≈≈≈≈≈≈.....≈♣...
≈≈P..≈♣♣...≈§≈≈≈≈....(♣.≈≈
≈...≈≈..≈≈..≈≈≈≈≈≈....y.≈≈
≈≈.≈≈≈.§≈≈..≈≈≈≈≈.P≈y.♣.≈≈
.≈PP†≈≈<.≈♣≈...≈≈PP≈≈.♣♣≈≈
...P.≈.♣♣♣♣♣♣♣.≈.PP.≈♣≈≈..
.≈≈♣♣♣.≈♣ ♣♣fvPP.§♣♣≈.. ≈
....≈♣ ♣..@PP.≈♣ ♣♣≈
♣.≈≈≈≈♣ ♣....PP≈.♣ ♣≈≈≈≈.♣
♣(...≈≈≈.♣
.v≈≈≈.≈♣.≈≈.≈≈P.♣♣
.≈≈≈≈≈....≈P≈≈P..♣
..≈$.≈≈≈.♣♣♣♣♣.≈.... ≈≈v
.≈≈≈≈.. ≈≈ .≈≈≈≈≈.


You could see a thorn hunter, 2 vampire mosquitoes and 2 insubstantial wisps.

Vanquished Creatures
  A thorn hunter (Lair:3)
  Kirke (Swamp:1)
  2 orc warlords
  A minotaur (Lab)
  Snorg (D:12)
  Fannar (D:11)
  Erolcha (Orc:1)
  7 hydras
  Erica (Orc:1)
  A catoblepas (D:12)
  4 two-headed ogres
  An alligator (Lair:3)
  A death yak (Lair:4)
  An orc high priest (Orc:2)
  4 skeletal warriors (D:13)
  4 swamp dragons
  3 unseen horrors
  4 orc knights (Orc:2)
  The ghost of WarriorsX the Chopper, a novice HuBe of Trog (D:4)
  2 ugly things
  An orc sorcerer (Orc:2)
  A cyclops (D:11)
  6 elephants (Lair:3)
  A gargoyle (D:11)
  3 spiny frogs
  5 komodo dragons
  5 trolls
  A polar bear (Lair:3)
  4 tyrant leeches
  5 hornets
  9 slime creatures (Swamp:1)
  11 blink frogs (Lair:4)
  3 bog bodies (Swamp:1)
  A dream sheep (Lair:4)
  5 hippogriffs
  2 shadows
  43 yaks
  3 wyverns
  A wraith (D:12)
  A vampire (D:12)
  3 basilisks
  A hog (Lair:3)
  13 vampire mosquitoes
  3 swamp worms (Swamp:1)
  4 nagas (Lair:2)
  3 wargs
  An acid dragon (D:12)
  11 water moccasins
  10 porcupines
  A swamp drake (Swamp:1)
  32 orc warriors
  3 black bears
  11 ice beasts
  7 ogres
  10 wolves
  8 centaurs
  17 crocodiles
  2 big kobolds
  2 elf zombies (Ossuary)
  12 bullfrogs
  A wyvern skeleton (D:13)
  4 scorpions
  24 killer bees
  5 wights (D:11)
  2 howler monkeys (D:9)
  A bullfrog zombie (D:9)
  3 centaur zombies
  3 crimson imps
  2 jellies
  12 hounds
  23 orc wizards
  2 human zombies (Ossuary)
  21 orc priests
  4 centaur skeletons
  4 bullfrog skeletons
  Terence (D:2)
  3 iguanas
  5 worker ants
  A big kobold zombie (Ossuary)
  A hound zombie (D:2)
  A hound skeleton (D:4)
  2 mummies (Ossuary)
  7 gnolls
  18 adders
  2 shadow imps
  11 oozes
  An adder zombie (D:5)
  3 dart slugs
  7 leopard geckos
  88 orcs
  4 ball pythons
  12 bats
  6 giant cockroaches
  11 goblins
  11 hobgoblins
  26 jackals
  6 quokkas
  5 frilled lizards
  2 goblin zombies (Ossuary)
  9 hobgoblin zombies (Ossuary)
  2 jackal zombies (Ossuary)
  25 kobolds
  6 kobold zombies (Ossuary)
  A leopard gecko skeleton (D:4)
  9 orc zombies (Ossuary)
  7 rats
  A rat zombie (Ossuary)
  2 plants (Lair:2)
714 creatures vanquished.

Vanquished Creatures (others)
  2 orcs (Orc:2)
  5 briar patches
  3 fungi
  9 plants
  7 toadstools (D:2)
26 creatures vanquished.

Grand Total: 740 creatures vanquished

Notes
Turn   | Place    | Note
-------+----------+-------------------------------------------
     0 | D:1      | Harpaggios the Vine Stalker Enchanter began the quest for
                  | the Orb.
     0 | D:1      | Reached XP level 1. HP: 9/9 MP: 4/4
    30 | D:1      | Reached skill level 1 in Short Blades
   246 | D:1      | Reached XP level 2. HP: 13/13 MP: 6/6
   269 | D:1      | Found a shadowy altar of Dithmenos.
   276 | D:1      | Became a worshipper of Dithmenos the Shadowed
   584 | D:1      | Reached XP level 3. HP: 15/16 MP: 5/7
   627 | D:1      | Learned a level 2 spell: Ensorcelled Hibernation
   957 | D:1      | Reached * piety under Dithmenos
  1544 | D:2      | Noticed an ice beast
  1552 | D:2      | Gained mutation: Your natural rate of healing is unusually
                  | fast. [Vine Stalker growth]
  1552 | D:2      | Reached XP level 4. HP: 18/21 MP: 5/8
  1577 | D:2      | HP: 1/21 [ice beast (12)]
  2039 | D:1      | Killed an ice beast
  2039 | D:1      | Reached XP level 5. HP: 24/24 MP: 4/9
  2106 | D:2      | Learned a level 3 spell: Tukima's Dance
  2326 | D:2      | Reached XP level 6. HP: 28/28 MP: 10/10
  2357 | D:2      | Noticed Terence
  2388 | D:2      | Killed Terence
  2388 | D:2      | Reached skill level 5 in Stealth
  2717 | D:3      | Reached ** piety under Dithmenos
  2978 | D:2      | Reached skill level 5 in Hexes
  3712 | D:3      | Reached XP level 7. HP: 32/32 MP: 8/11
  3939 | D:4      | Found a white marble altar of Elyvilon.
  4048 | D:4      | Reached *** piety under Dithmenos
  4176 | D:4      | Found a basalt altar of Yredelemnul.
  4266 | D:4      | Found a snail-covered altar of Cheibriados.
  4334 | D:5      | Entered Level 5 of the Dungeon
  4362 | D:5      | Found a shattered altar of Ashenzari.
  4686 | D:5      | Gained mutation: You have razor-sharp teeth. [Vine Stalker
                  | growth]
  4686 | D:5      | Reached XP level 8. HP: 37/37 MP: 12/12
  4779 | D:5      | Reached skill level 1 in Fighting
  4835 | D:5      | Found a runed door.
  4835 | D:5      | Noticed WarriorsX's ghost (novice HuBe)
  5073 | D:5      | Found a burning altar of Makhleb.
  5077 | D:5      | Found a glowing silver altar of Zin.
  5077 | D:5      | Noticed a green death
  5078 | D:5      | Noticed an angel
  5739 | D:6      | Found a sand-covered staircase.
  5751 | Ossuary  | Entered an ossuary
  5782 | Ossuary  | Reached **** piety under Dithmenos
  6198 | D:6      | Gained mutation: You are somewhat resistant to further
                  | mutation. [potion of mutation]
  6225 | D:6      | Found a staircase to the Ecumenical Temple.
  6607 | D:7      | Found a runed door.
  6608 | D:7      | Noticed bmj180's ghost (novice HaFi)
  6658 | D:7      | Found a bloodstained altar of Trog.
  6744 | D:7      | Reached XP level 9. HP: 45/45 MP: 5/15
  9029 | D:4      | Killed WarriorsX's ghost
  9398 | D:8      | Reached skill level 5 in Fighting
  9456 | D:8      | Found Nigenger's Jewellery Shoppe.
  9461 | D:8      | Found an iron altar of Okawaru.
  9480 | D:8      | Found a shadowy altar of Dithmenos.
  9480 | D:8      | Found a blossoming altar of Fedhas.
  9580 | D:8      | Found an ancient bone altar of Kikubaaqudgha.
  9705 | D:8      | Found a radiant altar of Vehumet.
  9766 | D:9      | Noticed a red ugly thing
  9796 | D:9      | Noticed a two-headed ogre
  9832 | D:9      | Killed a two-headed ogre
  9832 | D:9      | Reached skill level 5 in Short Blades
  9832 | D:9      | Reached skill level 5 in Dodging
  9832 | D:9      | Reached skill level 5 in Spellcasting
  9832 | D:9      | Reached XP level 10. HP: 45/53 MP: 6/18
 10139 | D:9      | Found an ornate altar of the Wu Jian Council.
 10152 | D:9      | Reached ***** piety under Dithmenos
 11033 | D:9      | Noticed a two-headed ogre
 11095 | D:10     | Entered Level 10 of the Dungeon
 11365 | D:9      | Killed a red ugly thing
 11382 | D:9      | Killed a two-headed ogre
 11382 | D:9      | Reached XP level 11. HP: 58/58 MP: 11/22
 11696 | D:4      | Found a basalt altar of Yredelemnul.
 11792 | D:4      | Found a snail-covered altar of Cheibriados.
 11847 | D:4      | Found a white marble altar of Elyvilon.
 12211 | D:10     | Reached skill level 10 in Stealth
 12268 | D:10     | Learned a level 3 spell: Dazzling Spray
 12284 | D:10     | Learned a level 3 spell: Confuse
 12998 | D:10     | Noticed an unseen horror
 13003 | D:10     | Killed an unseen horror
 13085 | D:11     | Noticed a cyclops
 13118 | D:11     | Found a staircase to the Orcish Mines.
 13393 | D:11     | Found a staircase to the Lair.
 14026 | D:11     | Killed a cyclops
 14026 | D:11     | Gained mutation: You heal very quickly. [Vine Stalker
                  | growth]
 14026 | D:11     | Reached XP level 12. HP: 65/65 MP: 25/25
 14381 | D:11     | Noticed a two-headed ogre
 14387 | D:11     | Killed a two-headed ogre
 14551 | Lair:1   | Entered Level 1 of the Lair of Beasts
 15639 | Lair:2   | Noticed a four-headed hydra
 15639 | Lair:2   | Found a staircase to the Snake Pit.
 15647 | Lair:2   | Killed a four-headed hydra
 16724 | Lair:3   | Noticed a six-headed hydra
 16727 | Lair:3   | Killed a six-headed hydra
 16727 | Lair:3   | Reached skill level 10 in Spellcasting
 16966 | Lair:3   | Reached skill level 10 in Fighting
 16966 | Lair:3   | Reached XP level 13. HP: 72/72 MP: 11/28
 17628 | Lair:3   | Found a staircase to the Swamp.
 17864 | Lair:4   | Found a frozen archway.
 18234 | Lair:4   | Reached skill level 10 in Short Blades
 18343 | Lair:4   | Found a labyrinth entrance.
 18350 | Lab      | Entered a labyrinth
 18444 | Lab      | Noticed a minotaur
 18450 | Lab      | Killed a minotaur
 18782 | Lair:4   | Reached skill level 1 in Armour
 19940 | Orc:1    | Entered Level 1 of the Orcish Mines
 19940 | Orc:1    | Noticed Fannar
 19999 | D:11     | Killed Fannar
 20171 | Orc:1    | Noticed Erica
 20300 | Orc:1    | Killed Erica
 20442 | Orc:1    | Found a flagged portal.
 20479 | Orc:1    | Noticed Erolcha
 20501 | Orc:1    | Killed Erolcha
 20567 | Orc:2    | Entered Level 2 of the Orcish Mines
 20839 | Orc:2    | Found a roughly hewn altar of Beogh.
 20844 | Orc:2    | Reached XP level 14. HP: 77/77 MP: 29/29
 20957 | Orc:2    | Found a roughly hewn altar of Beogh.
 20964 | Orc:2    | Found Kaohun's Armour Shop.
 21077 | Orc:2    | Found a roughly hewn altar of Beogh.
 21116 | Orc:2    | Reached skill level 5 in Armour
 21218 | Orc:2    | Reached ****** piety under Dithmenos
 21267 | Orc:2    | Found a roughly hewn altar of Beogh.
 21456 | Orc:2    | Noticed an orc warlord
 21657 | Orc:2    | Killed an orc warlord
 21804 | Orc:2    | Found Vuili's Antique Weapon Boutique.
 21808 | Orc:2    | Found a roughly hewn altar of Beogh.
 21811 | Orc:2    | Found Guskel's Antique Armour Shop.
 21968 | Orc:2    | Found a staircase to the Elven Halls.
 22102 | Orc:2    | Found Cuhitz's Gadget Emporium.
 22157 | Orc:2    | Found a roughly hewn altar of Beogh.
 22183 | Orc:2    | Found a roughly hewn altar of Beogh.
 22484 | Orc:1    | Noticed an orc warlord
 22500 | Orc:1    | Killed an orc warlord
 22751 | D:8      | Bought the ring of Piaxagha {*Drain rF++ rC+ Str+4 Int+2}
                  | for 791 gold pieces
 22751 | D:8      | Bought the amulet "Orolefo" {*Contam rC+ Regen+ Str+8} for
                  | 772 gold pieces
 23245 | D:12     | Noticed Snorg
 23314 | D:12     | Killed Snorg
 23314 | D:12     | Reached skill level 10 in Dodging
 23604 | D:12     | Got a flickering lead amulet
 24269 | D:13     | Noticed Frances
 24922 | Swamp:1  | Entered Level 1 of the Swamp
 25153 | Swamp:1  | Noticed Kirke
 25423 | Swamp:1  | Noticed a thorn hunter
 25565 | Lair:3   | Killed a thorn hunter
 25565 | Lair:3   | Reached XP level 15. HP: 53/80 MP: 26/30
 25685 | Swamp:1  | Noticed a sphinx
 25689 | Swamp:1  | Killed Kirke
 25937 | Swamp:1  | Identified Vehumet's Papyrus of Combat Magic
 26539 | Swamp:1  | Found a runed door.
 26815 | Swamp:2  | Noticed a thorn hunter
 26856 | Swamp:2  | Slain by a thorn hunter

Skill      XL: |  1  2  3  4  5  6  7  8  9 10 11 12 13 14 15 |
---------------+----------------------------------------------+-----
Short Blades   | 1 2 3 4 5 6 7 8 10 | 10.1
Stealth        | 4 5 6 7 8 9 10 | 10.5
Dodging        | 2 3 4 5 6 7 8 9 10 | 10.0
Hexes          | 4 5 6 9 |  9.7
Fighting       | 3 5 7 8 10 | 10.0
Spellcasting   | 3 5 6 8 10 | 10.0
Armour         | 4 8 9 |  9.5

Action                   |  1- 3 |  4- 6 |  7- 9 | 10-12 | 13-15 || total
-------------------------+-------+-------+-------+-------+-------++-------
Melee: Dagger            |   132 |   222 |   586 |   870 |  1575 ||  3385
       Bite              |    17 |    46 |   142 |   323 |   592 ||  1120
 Cast: Corona            |    12 |    15 |    20 |    16 |    12 ||    75
       Ensorcelled Hiber |       |    18 |    38 |   163 |   213 ||   432
       Confuse           |       |       |       |       |     7 ||     7
       Dazzling Spray    |       |       |       |       |     1 ||     1
Invok: Shadow Step       |       |       |       |     4 |     6 ||    10
Evoke: Wand              |       |       |       |       |     7 ||     7
  Use: Scroll            |     3 |     2 |    12 |    12 |    15 ||    44
       Potion            |       |       |     5 |     1 |     1 ||     7
 Stab: Sleeping          |     7 |    26 |    53 |    95 |   122 ||   303
       Distracted        |       |     1 |     1 |     5 |     4 ||    11
       Fleeing           |       |       |       |       |     1 ||     1
       Confused          |       |       |       |       |     3 ||     3
  Eat: Chunk             |     2 |     9 |    28 |    24 |    22 ||    85
       Ration            |       |       |     1 |       |     1 ||     2
Armor: Robe              |    14 |    11 |    30 |   110 |    67 ||   232
       Troll leather arm |       |       |       |       |    88 ||    88
       Shadow dragon sca |       |       |       |       |    27 ||    27
Dodge: Dodged            |    63 |    91 |   220 |   460 |   880 ||  1714
